Map: [ESL] Alcyone

Players

trigger - Winner!

  • Race: Protoss Protoss
  • League: Grandmaster
  • Spawn Location: 1:00

Creator

  • Race: Protoss Protoss
  • Spawn Location: 7:00

Event: IEM Katowice 2024

VOD

Have the link to the VOD?

Description

Time

  • Played on: Dec. 10, 2023, 6:44 p.m.
  • Length: 17:08

All games in this series

Show
View Real Time Build Order
Export as new Build Order

trigger Protoss - Winner!

Build Orders: Oracle Opening 

Get SALT Encoding   

  12  0:00  Probe  
  13  0:12  Probe  
  14  0:17  Pylon  
  14  0:24  Probe (Chrono Boost)  
  15  0:37  Gateway, Probe (Chrono Boost)  
  16  0:43  Probe (Chrono Boost)  
  16  0:46  Assimilator  
  17  0:51  Probe  
  17  0:54  Assimilator  
  18  1:03  Probe (Chrono Boost)  
  19  1:08  Gateway  
  19  1:13  Probe (Chrono Boost)  
  19  1:18  Probe (Chrono Boost)  
  20  1:25  Cybernetics Core  
  21  1:30  Probe  
  22  1:37  Pylon  
  22  1:42  Probe  
  23  2:01  Stargate  
  23  2:05  Adept  
  23  2:06  Adept  
  23  2:07  Warp Gate  
  27  2:15  Pylon  
  27  2:22  Probe  
  28  2:37  Stalker  
  28  2:41  Oracle (Chrono Boost)  
  34  2:58  Probe  
  35  3:04  Pylon  
  35  3:12  Oracle (Chrono Boost)  
  34  3:25  Nexus  
  34  3:33  Robotics Facility  
  34  3:36  Pylon  
  34  3:55  Shield Battery, Stalker  
  36  4:05  Shield Battery, Stalker  
  38  4:12  Probe (Chrono Boost)  
  40  4:24  Probe (Chrono Boost)  
  40  4:33  Probe (Chrono Boost)  
  40  4:37  Observer  
  40  4:38  Probe (Chrono Boost)  
  43  4:44  Probe (Chrono Boost)  
  44  4:47  Probe (Chrono Boost)  
  44  4:51  Probe (Chrono Boost)  
  44  4:52  Probe (Chrono Boost)  
  46  4:56  Twilight Council  
  47  5:00  Forge  
  47  5:02  Probe  
  47  5:04  Stalker x2, Probe  
  53  5:14  Immortal (Chrono Boost), Probe  
  53  5:19  Probe  
  59  5:27  Probe  
  60  5:30  Blink (Chrono Boost)  
  60  5:31  Probe  
  60  5:32  Protoss Ground Weapons Level 1  
  60  5:34  Assimilator  
  61  5:39  Probe  
  62  5:43  Probe  
  62  5:45  Pylon  
  63  5:51  Probe  
  64  5:57  Gateway  
  64  5:58  Gateway  
  64  6:00  Probe  
  65  6:04  Stalker  
  67  6:15  Probe  
  67  6:17  Observer  
  69  6:20  Nexus  
  69  6:22  Pylon  
  69  6:25  Probe  
  70  6:32  Sentry  
  72  6:33  Stalker  
  72  6:34  Probe  
  72  6:37  Probe  
  77  6:47  Shield Battery  
  77  6:48  Probe (Chrono Boost)  
  77  6:49  Probe (Chrono Boost)  
  77  6:51  Pylon  
  78  6:59  Stalker x3  
  86  7:01  Probe (Chrono Boost)  
  86  7:03  Pylon  
  86  7:04  Probe (Chrono Boost)  
  86  7:08  Probe (Chrono Boost)  
  86  7:11  Pylon, Probe  
  88  7:18  Probe (Chrono Boost)  
  88  7:23  Stalker x3  
  88  7:25  Probe (Chrono Boost)  
  95  7:30  Probe (Chrono Boost)  
  95  7:32  Protoss Ground Weapons Level 2 (Chrono Boost)  
  98  7:37  Stalker  
  98  7:38  Probe (Chrono Boost)  
  98  7:39  Probe x2 (Chrono Boost)  
  101  7:44  Probe (Chrono Boost)  
  101  7:47  Probe  
  103  7:55  Nexus  
  103  7:57  Pylon  
  103  8:00  Probe x3  
  103  8:02  Assimilator  
  103  8:05  Pylon  
  106  8:07  Adept  
  106  8:09  Observer  
  106  8:12  Probe  
  110  8:13  Gateway  
  110  8:15  Probe  
  110  8:16  Gateway, Probe  
  112  8:20  Shield Battery  
  112  8:21  Photon Cannon, Stalker  
  112  8:24  Probe  
  112  8:25  Stalker x2  
  119  8:29  Probe x2  
  121  8:34  Photon Cannon  
  121  8:36  Probe  
  121  8:38  Stalker  
  124  8:41  Probe  
  124  8:48  Probe  
  126  8:51  Stalker x2  
  126  8:52  Stalker  
  132  8:57  Probe  
  132  9:02  Gateway, Stalker  
  133  9:03  Probe  
  133  9:04  Gateway  
  133  9:05  Probe  
  137  9:15  Stalker  
  137  9:16  Stalker x2  
  141  9:17  Stalker x2  
  141  9:22  Protoss Ground Armor Level 1 (Chrono Boost)  
  142  9:28  Forge  
  142  9:36  Probe x3  
  142  9:37  Assimilator  
  142  9:38  Photon Cannon  
  145  9:39  Nexus  
  145  9:41  Pylon  
  145  9:42  Assimilator  
  145  9:44  Pylon, Probe  
  146  9:48  Probe  
  146  9:50  Probe  
  146  9:52  Observer  
  149  9:56  Stalker x3  
  155  10:00  Pylon  
  155  10:01  Protoss Ground Weapons Level 3 (Chrono Boost)  
  155  10:02  Pylon  
  155  10:05  Shield Battery  
  155  10:07  Photon Cannon  
  155  10:08  Photon Cannon  
  155  10:14  Charge (Chrono Boost)  
  155  10:19  Probe x4  
  155  10:20  Gateway  
  159  10:21  Gateway  
  159  10:22  Gateway  
  159  10:25  Gateway  
  159  10:26  Photon Cannon  
  159  10:31  Photon Cannon, Probe  
  159  10:32  Probe  
  161  10:41  Probe  
  162  10:44  Assimilator  
  162  10:45  Zealot x4  
  162  10:46  Zealot, Gateway  
  162  10:48  Gateway, Probe  
  173  10:51  Probe  
  173  10:53  Probe x2  
  176  11:16  Photon Cannon  
  176  11:17  Photon Cannon  
  176  11:19  Nexus, Photon Cannon x2  
  176  11:20  Pylon  
  176  11:22  Pylon  
  176  11:23  Pylon  
  176  11:24  Protoss Ground Armor Level 2 (Chrono Boost)  
  176  11:25  Gateway  
  176  11:26  Photon Cannon  
  176  11:28  Gateway  
  176  11:30  Pylon  
  176  11:35  Stalker x6  
  176  11:36  Stalker x2  
  190  11:48  Shield Battery  
  190  11:49  Photon Cannon  
  190  11:51  Photon Cannon  
  190  11:53  Photon Cannon  
  190  11:54  Dark Shrine  
  182  11:56  Shield Battery  
  182  11:57  Photon Cannon  
  180  12:12  Robotics Bay  
  180  12:14  Robotics Facility  
  180  12:16  Robotics Facility, Photon Cannon  
  180  12:18  Zealot x2  
  180  12:19  Zealot x8  
  183  12:50  Stalker x12  
  199  13:03  Protoss Shields Level 1 (Chrono Boost)  
  197  13:06  Shadow Stride  
  193  13:21  Dark Templar x3  
  195  13:29  Disruptor  
  195  13:32  Gravitic Boosters  
  195  13:43  Disruptor  
  195  13:48  Shield Battery  
  199  13:53  Shield Battery  
  199  14:01  Gateway  
  199  14:08  Gateway  
  199  14:09  Gateway  
  197  14:12  Zealot  
  197  14:16  Zealot  
  197  14:17  Zealot x3  
  192  14:24  Dark Templar x2, Zealot x2  
  200  14:34  Zealot x3  
  200  14:35  Zealot x3  
  184  14:39  Disruptor x2  
  184  14:40  Disruptor  
  190  14:46  Zealot x4  
  190  14:52  Dark Templar  
  194  14:58  Nexus, Pylon  
  186  15:00  Zealot x7  
  186  15:05  Zealot x5  
  186  15:06  Stalker x2  
  186  15:07  Stalker x2  
  186  15:20  Shield Battery  
  173  15:24  Zealot x6  
  173  15:25  Zealot x7  
  173  15:27  Photon Cannon  
  195  15:32  Observer  
  195  15:33  Disruptor x2, Stalker x3  
  195  15:34  Stalker  
  180  15:47  Stalker x7  
  180  15:48  Stalker x5  
  200  15:51  Photon Cannon  
  200  15:53  Photon Cannon  
  182  16:05  Disruptor  
  182  16:06  Photon Cannon  
  182  16:09  Photon Cannon  
  182  16:10  Dark Templar x5, Pylon  
  192  16:12  Zealot x4  
  192  16:13  Photon Cannon  
  192  16:17  Unknown  
  171  16:29  Stalker x8  
  183  16:33  Zealot  
  183  16:34  Zealot x3  
  189  16:48  Zealot x5  
  189  16:52  Zealot x3  
  189  16:53  Zealot x5  
  181  16:55  Zealot x4  
  175  17:06  Nexus  
Show
View Real Time Build Order
Export as new Build Order

Creator Protoss 

Build Orders:  

Get SALT Encoding   

  12  0:00  Probe  
  13  0:12  Probe  
  14  0:16  Pylon  
  14  0:24  Probe (Chrono Boost)  
  15  0:37  Gateway, Probe (Chrono Boost)  
  16  0:44  Probe (Chrono Boost)  
  16  0:45  Assimilator  
  17  0:51  Probe  
  18  0:58  Assimilator  
  18  1:03  Probe (Chrono Boost)  
  19  1:07  Gateway  
  19  1:13  Probe (Chrono Boost)  
  19  1:18  Probe (Chrono Boost)  
  21  1:29  Cybernetics Core  
  21  1:30  Probe  
  22  1:36  Pylon  
  22  1:42  Probe  
  23  1:54  Probe  
  24  2:05  Stalker  
  24  2:06  Stalker  
  28  2:10  Warp Gate  
  28  2:15  Probe  
  29  2:16  Pylon  
  29  2:35  Stalker  
  29  2:36  Stalker  
  33  3:00  Robotics Facility, Gateway  
  33  3:05  Shield Battery  
  33  3:09  Stalker x2  
  36  3:22  Shield Battery  
  36  3:25  Probe  
  36  3:30  Pylon  
  32  3:38  Probe  
  33  3:46  Nexus  
  33  3:50  Probe  
  33  3:53  Pylon  
  33  4:03  Probe (Chrono Boost)  
  34  4:10  Twilight Council  
  34  4:15  Probe (Chrono Boost)  
  35  4:22  Probe (Chrono Boost)  
  35  4:23  Sentry  
  38  4:29  Probe  
  39  4:36  Pylon  
  39  4:41  Probe  
  39  4:43  Adept  
  42  4:47  Stalker  
  42  4:48  Blink (Chrono Boost)  
  42  4:49  Phoenix  
  42  4:56  Probe  
  42  4:59  Probe  
  44  5:11  Probe (Chrono Boost)  
  44  5:14  Probe (Chrono Boost)  
  47  5:22  Probe (Chrono Boost)  
  47  5:24  Probe (Chrono Boost)  
  49  5:31  Probe (Chrono Boost)  
  49  5:32  Probe (Chrono Boost)  
  50  5:35  Stalker x2  
  50  5:37  Probe (Chrono Boost)  
  50  5:38  Probe (Chrono Boost)  
  56  5:43  Forge  
  56  5:48  Probe  
  56  5:49  Probe  
  58  6:00  Probe, Stalker x2  
  58  6:01  Probe  
  58  6:02  Robotics Facility  
  64  6:08  Gateway  
  64  6:10  Phoenix  
  64  6:14  Probe x2  
  64  6:16  Assimilator, Protoss Ground Weapons Level 1  
  66  6:21  Pylon  
  66  6:25  Stalker  
  66  6:29  Stalker  
  70  6:40  Pylon  
  70  6:44  Nexus  
  70  6:50  Observer, Probe (Chrono Boost)  
  70  6:51  Pylon  
  70  6:52  Probe (Chrono Boost)  
  73  7:03  Probe (Chrono Boost)  
  73  7:08  Probe (Chrono Boost)  
  75  7:09  Probe (Chrono Boost)  
  75  7:11  Immortal (Chrono Boost)  
  75  7:12  Shield Battery  
  75  7:14  Probe  
  81  7:17  Probe  
  82  7:22  Sentry  
  82  7:23  Sentry, Stalker  
  82  7:27  Probe (Chrono Boost)  
  82  7:29  Pylon, Probe (Chrono Boost)  
  90  7:35  Gateway, Charge  
  90  7:37  Pylon  
  90  7:41  Probe (Chrono Boost)  
  92  7:45  Probe (Chrono Boost)  
  92  7:47  Observer (Chrono Boost)  
  92  7:48  Probe (Chrono Boost)  
  95  7:51  Probe (Chrono Boost)  
  95  7:55  Probe  
  96  7:59  Probe  
  96  8:03  Nexus  
  97  8:06  Protoss Ground Weapons Level 2 (Chrono Boost), Pylon  
  97  8:08  Observer  
  97  8:09  Immortal  
  101  8:13  Probe x3  
  101  8:17  Gateway  
  104  8:23  Assimilator  
  104  8:24  Observer, Assimilator  
  104  8:26  Probe  
  104  8:27  Probe x2  
  107  8:32  Stalker x2  
  111  8:41  Gateway  
  111  8:42  Gateway, Probe x2  
  111  8:44  Probe, Pylon  
  114  8:50  Robotics Bay  
  114  9:01  Photon Cannon  
  114  9:02  Photon Cannon  
  114  9:03  Photon Cannon  
  114  9:05  Shield Battery  
  114  9:06  Stalker, Adept  
  114  9:09  Stalker  
  119  9:15  Probe x3  
  119  9:16  Probe  
  119  9:23  Robotics Facility  
  119  9:30  Stalker x2  
  123  9:35  Disruptor (Chrono Boost)  
  127  9:40  Probe x4  
  127  9:43  Photon Cannon, Assimilator  
  131  9:47  Stalker  
  131  9:50  Photon Cannon  
  133  9:56  Stalker  
  133  9:57  Pylon  
  135  10:05  Stalker x2  
  135  10:06  Disruptor (Chrono Boost), Pylon  
  143  10:13  Disruptor (Chrono Boost)  
  147  10:14  Adept x2  
  147  10:16  Shield Battery  
  151  10:21  Gravitic Boosters  
  151  10:24  Assimilator  
  153  10:28  Probe x4  
  153  10:34  Gateway  
  158  10:36  Gateway, Disruptor x2 (Chrono Boost)  
  158  10:38  Protoss Ground Weapons Level 3 (Chrono Boost)  
  158  10:40  Observer, Shield Battery  
  162  10:44  Gateway  
  162  10:46  Stalker  
  162  10:47  Zealot  
  166  10:56  Dark Shrine, Pylon  
  166  11:05  Disruptor  
  166  11:07  Photon Cannon  
  166  11:08  Shield Battery  
  170  11:14  Pylon x2  
  170  11:18  Disruptor  
  170  11:23  Stalker  
  170  11:24  Pylon, Stalker  
  178  11:27  Pylon  
  178  11:28  Photon Cannon  
  178  11:30  Shield Battery  
  178  11:33  Disruptor  
  178  11:39  Pylon  
  178  11:40  Gateway  
  180  11:50  Warp Prism  
  180  11:55  Nexus, Stalker  
  182  12:08  Dark Templar x3  
  182  12:09  Dark Templar  
  182  12:14  Archon x2  
  190  12:20  Dark Templar x2, Zealot x2, Stalker x2  
  196  12:34  Observer  
  194  12:40  Dark Templar  
  194  12:41  Dark Templar x2  
  199  12:44  Observer  
  200  13:01  Warp Prism (Chrono Boost)  
  200  13:05  Dark Templar x3  
  196  13:08  Nexus  
  196  13:11  Protoss Ground Armor Level 1  
  200  13:15  Observer (Chrono Boost)  
  197  13:30  Archon  
  197  13:31  Stalker  
  197  13:32  Stalker  
  177  13:51  Stalker x8  
  177  13:52  Stalker  
  195  13:58  Dark Templar, Stalker  
  195  13:59  Observer  
  190  14:24  Stalker x7  
  196  14:31  Observer  
  196  14:37  Nexus  
  170  14:40  Dark Templar x3  
  174  14:48  Zealot x4  
  174  14:49  Zealot x3  
  174  14:50  Immortal  
  165  15:02  Immortal (Chrono Boost)  
  162  15:10  Zealot x4  
  162  15:13  Stalker x5  
  162  15:14  Stalker  
  149  15:32  Stalker x4  
  161  15:37  Stalker x2  
  161  15:38  Zealot x2  
  171  15:46  Stalker x2  
  171  15:47  Observer  
  169  15:51  Pylon  
  157  15:58  Stalker x6  
  157  15:59  Stalker  
  165  16:04  Stalker  
  165  16:09  Observer x2 (Chrono Boost)  
  153  16:32  Stalker x2  
  147  16:33  Stalker x5  
  147  16:34  Zealot  
  147  16:38  Zealot  
  161  16:41  Zealot  
  128  16:55  Zealot x3  

Tags
 
Add a new tag
Caveats
  • Supply blocks, unpowered buildings, or Contaminate may cause inaccurate times.
  • Supply counts are checked every 10 seconds.